 Dungeon Crawl Stone Soup version 0.30-a0-634-g8abc85282e (webtiles) character file.

Game seed: 16420758944004248910

96 garbled the Grave Robber (level 4, 0/22 HPs)
             Began as a Vine Stalker Necromancer on Jan 15, 2023.
             Splashed by a jelly's acid (4 damage)
             ... on level 2 of the Dungeon.
             The game lasted 00:10:09 (1461 turns).

garbled the Grave Robber (Vine Stalker Necromancer) Turns: 1461, Time: 00:10:09

Health: 0/22       AC: -2    Str: 10    XL:     4   Next: 67%
Magic:  0/9        EV: 12    Int: 17    God:
Gold:   51         SH:  0    Dex: 15    Spells: 8/9 levels left

rFire   . . .      SeeInvis .    k - +0 dagger
rCold   . . .      Faith    .    (no shield)
rNeg    . . .      Spirit   +    a - +0 robe
rPois   .          Reflect  .    (no helmet)
rElec   .          Harm     .    n - scarf {+Inv}
rCorr   .          Rampage  .    (no gloves)
Will    .....                    (no boots)
Stlth   ++                       g - amulet of regeneration
HPRegen 1.83/turn                q - ring of wizardry
MPRegen 0.11/turn                (no ring)

@: corroded
A: fangs 2, regeneration 1, magic shield, antimagic bite, no potion heal 2
a: Evoke Invisibility


You were on level 2 of the Dungeon.
You visited 1 branch of the dungeon, and saw 2 of its levels.

You collected 51 gold pieces.

Inventory:

Hand Weapons
 e - a +0 mace
 k - a +0 dagger (weapon)
Missiles
 c - 6 poisoned darts
Armour
 a - a +0 robe (worn)
 n - a scarf of invisibility (worn)
Magical Staves
 f - a staff of earth
Jewellery
 g - an amulet of regeneration (around neck)
 q - a ring of wizardry (left hand)
Scrolls
 d - 3 scrolls of identify
 i - a scroll of vulnerability {unknown}
 j - a scroll of poison {unknown}
 l - a scroll of teleportation {unknown}
 m - a scroll of enchant weapon {unknown}
 p - a scroll of amnesia {unknown}
Potions
 b - a potion of magic
 h - a potion of mutation
 o - a potion of cancellation {unknown}


   Skills:
 + Level 1.3 Fighting
 - Level 1.8 Dodging
 - Level 3.3 Stealth
 + Level 3.0 Spellcasting
 + Level 4.5 Necromancy
 + Level 0.8 Evocations


You had 8 spell levels left.
You knew the following spells:

 Your Spells              Type           Power      Damage    Failure   Level
a - Necrotise             Necr           72%        1d7       1%          1

Your spell library contained the following spells:

 Spells                   Type           Power      Damage    Failure   Level
 Vampiric Draining        Necr           18%        2d7       3%          3
 Animate Dead             Necr           18%        N/A       11%         4
 Vhi's Electric Charge    Tloc/Air       4%         N/A       21%         3
 Agony                    Necr           18%        N/A       28%         5
 Arcjolt                  Conj/Air       1%         1d11      86%         5
 Fireball                 Conj/Fire      1%         3d3       86%         5
 Iskenderun's Battlesphe  Conj           2%         2d6       86%         5
 Conjure Ball Lightning   Conj/Air       1%         3x3d6     100%        6
 Orb of Destruction       Conj           1%         9d5       100%        7
 Maxwell's Capacitive Co  Air            1%         ∞         100%        8


Dungeon Overview and Level Annotations

Branches:
Dungeon (2/15)

Altars:


Innate Abilities, Weirdness & Mutations

You have extremely sharp teeth.
Your natural rate of healing is unusually fast.
When hurt, damage is shared between your health and your magic reserves.
Your bite disrupts and absorbs the magic of your enemies.
Potions cannot restore your health.


Message History

Aiming: Necrotise (safe; 1% risk of failure)
Press: ? - help, Shift-Dir - straight line, f/p - endoplasm
Aim: an endoplasm (severely wounded, chance to affect: 88%)
The endoplasm writhes in agony.
You kill the endoplasm!
A jelly comes into view.
Casting: Necrotise (safe; 1% risk of failure)
Confirm with . or Enter, or press ? or * to list all spells.
You don't have enough magic to cast this spell.
Casting: Necrotise (safe; 1% risk of failure)
Confirm with . or Enter, or press ? or * to list all spells.
You don't have enough magic to cast this spell.
Casting: Necrotise (safe; 1% risk of failure)
Confirm with . or Enter, or press ? or * to list all spells.
You don't have enough magic to cast this spell.
The endoplasm hits you.
The jelly quivers.
You hit the endoplasm but do no damage. The endoplasm closely misses you.
You hit the endoplasm. You bite the endoplasm.
You kill the endoplasm!
You hit the jelly.
Your hands burn!
You punch the jelly.
The jelly is moderately wounded.
The jelly hits you but does no damage.
You hit the jelly.
Your hands burn!
The jelly is moderately wounded.
The jelly barely misses you.
You hit the jelly.
Your hands burn!
The jelly is heavily wounded.
The jelly hits you. The acid corrodes you!
You are splashed with acid!
Casting: Necrotise (safe; 1% risk of failure)
Confirm with . or Enter, or press ? or * to list all spells.
You don't have enough magic to cast this spell.
You hit the jelly but do no damage.
Your hands burn!
* * * LOW HITPOINT WARNING * * *
You bite the jelly. You drain its power.
You feel invigorated.
The jelly is severely wounded.
The jelly hits you.
* * * LOW HITPOINT WARNING * * *
You are splashed with acid.
You die...

#.. #.# ### #.#
#######.##
#.###....#.#.#
#.##.....#.#@#
##.'......#'#J#
#..'........#.#
#..'..).....#.#
#..##......(#.#
#..###......##)..P.P.
#..# ######## #......
#.Z# ###### #Z.##


You could see a jelly.

Vanquished Creatures
  A jelly (D:2)
  Jessica (D:2)
  A dart slug (D:2)
  3 bats
  5 endoplasms (D:2)
  3 giant cockroaches
  3 goblins (D:1)
  2 hobgoblins (D:1)
  9 kobolds
  2 quokkas (D:1)
  A ball python (D:2)
  2 frilled lizards (D:1)
33 creatures vanquished.

Vanquished Creatures (collateral kills)
  A goblin (D:1)
1 creature vanquished.

Vanquished Creatures (others)
  7 fungi (D:2)
  3 toadstools (D:2)
10 creatures vanquished.

Grand Total: 44 creatures vanquished

Notes
Turn   | Place    | Note
-------+----------+-------------------------------------------
     0 | D:1      | garbled the Vine Stalker Necromancer began the quest for
                  | the Orb.
     0 | D:1      | Reached XP level 1. HP: 9/9 MP: 4/4
   205 | D:1      | Reached XP level 2. HP: 13/13 MP: 0/6
  1062 | D:2      | Noticed Jessica
  1071 | D:2      | Killed Jessica
  1072 | D:2      | Reached XP level 3. HP: 17/17 MP: 1/8
  1349 | D:2      | Reached skill level 1 in Fighting
  1350 | D:2      | Gained mutation: Your natural rate of healing is unusually
                  | fast. [Vine Stalker growth]
  1350 | D:2      | Reached XP level 4. HP: 22/22 MP: 2/9
  1461 | D:2      | Splashed by a jelly's acid

Illustrated notes

Levels and vault maps discovered:
D:1:      lightli_arrival_flooded_house, layout_basic, due_unseen_surprise
D:2:      cheibrodos_fertilizer, layout_loops_ring, grunt_decor_cap,
          minmay_tetromino_l2, uniq_jessica

Skill      XL: |  1  2  3  4 |
---------------+-------------+-----
Stealth        | 3 |  3.3
Fighting       | 1 |  1.3
Spellcasting   | 3 |  3.0
Dodging        | |  1.8
Necromancy     | |  4.5
Evocations     | |  0.8

Action                   |  1- 3 |  4- 6 || total
-------------------------+-------+-------++-------
Melee: Mace              |     2 |       ||     2
       Dagger            |       |    15 ||    15
       Bite              |       |     7 ||     7
       Punch             |       |     2 ||     2
 Cast: Necrotise         |    47 |    11 ||    58
  Use: Scroll            |     1 |       ||     1
Armor: Robe              |     1 |     1 ||     2
Dodge: Dodged            |     5 |     8 ||    13

Table legend: (Time is in decaauts)
 A = Elapsed time spent in this place.
 B = Non-inter-level travel time spent in this place.
 C = Inter-level travel time spent in this place.
 D = Time resting spent in this place.
 E = Time spent auto-exploring this place.
 F = Levels seen in this place.
 G = Mean time per level.
                   A        B        C        D        E       F      G
               +--------+--------+--------+--------+--------+-----+--------+
         Total |   1461 |   1426 |     35 |    217 |    849 |   2 |  730.5 |
       Dungeon |   1461 |   1426 |     35 |    217 |    849 |   2 |  730.5 |
               +--------+--------+--------+--------+--------+-----+--------+

Top non-repeatable levels by time:
     D:1: 908 daAuts
     D:2: 553 daAuts
